NULL
Full Scoreboard »»

Senators vs Panthers

Created - April 12, 2023 at 23:40

Goals
1 2 3 T
Senators 0 2 0 2
Panthers 0 2 1 3
Shots
1 2 3 T
Senators 6 21 8 35
Panthers 7 20 20 47

GoalsPenalties
1st period
No Goal
Ryan Lindgren (OTT) for Tripping (Minor) at 9:41
Ondrej Kase (FLA) for Hooking (Minor) at 14:44
2nd period
1. Senators , Sammy Blais 7 (Jeremy Lauzon 1, Denton Mateychuk 13) at 1:14
2. Senators , Brady Tkachuk 20 (Brad Marchand 35, Max Comtois 14) at 1:50
3. Panthers , Evgenii Dadonov 17 (Jaden Schwartz 38) at 7:52
4. Panthers , Ondrej Kase 19 (Jack Hughes 32) at 11:13
Cedric Paquette (FLA) for Fighting (Major) at 6:25
Ryan Lomberg (OTT) for Fighting (Major) at 6:25
3rd period
5. Panthers , Evgenii Dadonov 18 (Marco Scandella 20, Jaden Schwartz 39) at 12:52 (SH)
Ondrej Kase (FLA) for Interference (Minor) at 12:09
Brad Marchand (OTT) for Boarding (Minor) at 15:43
Ryan Lindgren (OTT) for Hooking (Minor) at 19:14
Goalie Stats
Sergei Bobrovsky (OTT), 44 saves from 47 shots - (0.936), L, 31-23-7, 60:00 minutes
Darcy Kuemper (FLA), 33 saves from 35 shots - (0.943), W, 31-26-7, 60:00 minutes
3 StarsOfficial
1 - Evgenii Dadonov (FLA)
2 - Sergei Bobrovsky (OTT)
3 - Darcy Kuemper (FLA)
Referees : Unknown
Linesman : Unknown
Game Note
Cedric Paquette beats up Ryan Lomberg at 6:25 of 2nd period



Team Name Goals Shots Shots Attemp Shots Blocked PIM HIT PP PK FO%
Senators 23555911320 / 2 (0%)030%
Panthers 3478169190 / 3 (0%)070%

Senators
Player Name POS G A P +/- PIM HIT SHT SB MP PP MP PP SHT PK MP PK SHT FO% FOT GA TA
Brad MarchandLW/RW011-1215015:431:5700:0300% 140
Brady TkachukLW101-1034015:511:5700:5500% 200
Brent BurnsD0000011019:592:1800:5200% 011
Craig SmithC/LW/RW0000031115:541:4500:46050% 1000
Denton MateychukD0110001021:182:0202:0000% 020
Jakub VoracekLW/RW0000013015:471:4500:0000% 131
Jeremy LauzonD0110012018:380:1601:5400% 000
Jonas SiegenthalerD000-1010220:371:4001:4200% 000
Kevin LabancLW/RW000-1055216:530:1601:3100% 101
Lias AnderssonC/LW000-1051017:100:0002:0105% 1901
Max ComtoisLW/RW0110030115:191:4500:0000% 000
Nils HoglanderLW/RW000-1014117:530:1602:1400% 002
Ryan LindgrenD0000423018:280:0001:0100% 000
Ryan LombergLW/RW000150208:490:0000:0000% 000
Ryan ReavesRW000101009:070:0000:0000% 000
Sammy BlaisLW/RW1011013111:230:1601:56057% 720
Tim StutzleC/LW/RW000-1020015:211:5700:00044% 1602
Zach WhitecloudD000-1010121:031:4001:5700% 000
Panthers
Player Name POS G A P +/- PIM HIT SHT SB MP PP MP PP SHT PK MP PK SHT FO% FOT GA TA
Adam LowryC/LW0001010115:042:1000:0000% 200
Bo HorvatC0000045019:281:4601:40085% 2720
Cedric PaquetteC/LW/RW000-150209:120:3000:0000% 000
Eetu LuostarinenC/LW000-100008:520:0000:0000% 100
Ethan BearD0002002021:002:1802:1500% 001
Evgenii DadonovLW/RW2021024119:352:2302:1820% 012
Ivan MiroshnichenkoRW0000003014:020:4800:0000% 110
Ivan ProvorovD0000012023:132:2501:4300% 000
Jack HughesC0111008017:281:3601:40158% 1210
Jaden SchwartzC/LW0221014019:172:2312:1800% 000
Jay BeagleC/LW000-100008:470:0000:0000% 001
Jeff PetryD0000023122:522:2501:4300% 004
Marco ScandellaD0112005020:392:1802:1510% 011
Matt BenningD000-1001116:080:0000:0000% 010
Ondrej KaseLW/RW1011433116:121:5200:000100% 111
Scott LaughtonC/LW0000023014:380:4100:00069% 1300
Tucker PoolmanD000-1000116:080:0000:0000% 000
Zack KassianLW/RW0000032013:240:0000:0000% 002

Senators

5 vs 5 Forward
Line #Left WingCenterRight WingPHYDFOFWanted %Time %Time Play
1Brady TkachukTim StutzleBrad Marchand1133026%13:04
2Jakub VoracekCraig SmithMax Comtois1223027%13:38
3Nils HoglanderLias AnderssonKevin Labanc1223030%15:02
4Ryan LombergSammy BlaisRyan Reaves5001018%9:07
5 vs 5 Defense
Line #DefenseDefensePHYDFOFWanted %Time %Time Play
1Brent BurnsRyan Lindgren1223435%17:37
2Denton MateychukJonas Siegenthaler1223333%16:58
3Zach WhitecloudJeremy Lauzon1223332%16:16
4Brent BurnsRyan Lindgren12200%0:00
Power Play Forward
Line #Left WingCenterRight WingPHYDFOFWanted %Time %Time Play
1Brady TkachukTim StutzleBrad Marchand1225049%1:57
2Jakub VoracekCraig SmithMax Comtois1225051%2:01
Power Play Defense
Line #DefenseDefensePHYDFOFWanted %Time %Time Play
1Brent BurnsDenton Mateychuk1136058%2:18
2Zach WhitecloudJonas Siegenthaler1224042%1:40
Penalty Kill 4 Players Forward
Line #CenterWingPHYDFOFWanted %Time %Time Play
1Lias AnderssonNils Hoglander1225054%2:32
2Sammy BlaisKevin Labanc1225046%2:11
Penalty Kill 4 Players Defense
Line #DefenseDefensePHYDFOFWanted %Time %Time Play
1Zach WhitecloudRyan Lindgren1225055%2:36
2Jeremy LauzonJonas Siegenthaler1225045%2:07
Penalty Kill 3 Players
Line #WingPHYDFOFWanted %Time %Time PlayDefenseDefensePHYDFOFWanted %Time %Time Play
1Brad Marchand122500%0:00 Brent BurnsRyan Lindgren122500%0:00
2Brady Tkachuk122500%0:00 Denton MateychukJonas Siegenthaler122500%0:00
4 vs 4 Forward
Line #CenterWingPHYDFOFWanted %Time %Time Play
1Brad MarchandBrady Tkachuk122500%0:00
2Jakub VoracekTim Stutzle122500%0:00
4 vs 4 Defense
Line #DefensePHYDFOFWanted %Time %Time Play
1Brent BurnsRyan Lindgren122500%0:00
2Denton MateychukJonas Siegenthaler122500%0:00
Last Minutes Offensive
Left WingCenterRight WingDefenseDefense
Brad MarchandTim StutzleJakub VoracekBrent BurnsRyan Lindgren
Last Minutes Defensive
Left WingCenterRight WingDefenseDefense
Brad MarchandTim StutzleJakub VoracekBrent BurnsRyan Lindgren
Time
Total ForwardTotal DefenseLast Minutes OffensiveLast Minutes Defensive
60:00 60:00 0:280:00
Extra Forwards
Normal PowerPlayPenalty Kill
Sammy Blais, Nils Hoglander, Kevin LabancSammy Blais, Nils HoglanderKevin Labanc
Extra Defensemen
Normal PowerPlayPenalty Kill
Zach Whitecloud, Jeremy Lauzon, Denton MateychukZach Whitecloud, Jeremy LauzonDenton Mateychuk
Penalty Shots
Brad Marchand, Brady Tkachuk, Jakub Voracek, Tim Stutzle, Craig Smith
Goalie
Sergei Bobrovsky, Carey Price
Custom OT Lines Forwards
Brad Marchand, Brady Tkachuk, Jakub Voracek, Tim Stutzle, Craig Smith, Max Comtois, Nils Hoglander, Kevin Labanc, Ryan Lomberg, Ryan Reaves
Custom OT Lines Defensemen
Brent Burns, Ryan Lindgren, Denton Mateychuk, Jonas Siegenthaler, Zach Whitecloud
Scratches
Brett Kulak (Healthy), Lenni Killinen (Healthy)

Panthers

5 vs 5 Forward
Line #Left WingCenterRight WingPHYDFOFWanted %Time %Time Play
1Jaden SchwartzBo HorvatEvgenii Dadonov1133030%15:21
2Adam LowryJack HughesOndrej Kase1133027%13:47
3Zack KassianScott LaughtonIvan Miroshnichenko2213025%12:55
4Jay BeagleEetu LuostarinenCedric Paquette1221017%8:47
5 vs 5 Defense
Line #DefenseDefensePHYDFOFWanted %Time %Time Play
1Jeff PetryIvan Provorov1223434%17:31
2Marco ScandellaEthan Bear1223332%16:06
3Tucker PoolmanMatt Benning1223332%16:08
4Jeff PetryIvan Provorov12202%1:05
Power Play Forward
Line #Left WingCenterRight WingPHYDFOFWanted %Time %Time Play
1Jaden SchwartzBo HorvatEvgenii Dadonov1225051%2:23
2Adam LowryJack HughesOndrej Kase1225049%2:20
Power Play Defense
Line #DefenseDefensePHYDFOFWanted %Time %Time Play
1Jeff PetryIvan Provorov1225051%2:25
2Marco ScandellaEthan Bear1225049%2:18
Penalty Kill 4 Players Forward
Line #CenterWingPHYDFOFWanted %Time %Time Play
1Bo HorvatJack Hughes1225042%1:40
2Jaden SchwartzEvgenii Dadonov1225058%2:18
Penalty Kill 4 Players Defense
Line #DefenseDefensePHYDFOFWanted %Time %Time Play
1Jeff PetryIvan Provorov1225043%1:43
2Marco ScandellaEthan Bear1225057%2:15
Penalty Kill 3 Players
Line #WingPHYDFOFWanted %Time %Time PlayDefenseDefensePHYDFOFWanted %Time %Time Play
1Bo Horvat122500%0:00 Jeff PetryIvan Provorov122500%0:00
2Jack Hughes122500%0:00 Marco ScandellaEthan Bear122500%0:00
4 vs 4 Forward
Line #CenterWingPHYDFOFWanted %Time %Time Play
1Bo HorvatJack Hughes122500%0:00
2Jaden SchwartzEvgenii Dadonov122500%0:00
4 vs 4 Defense
Line #DefensePHYDFOFWanted %Time %Time Play
1Jeff PetryIvan Provorov122500%0:00
2Marco ScandellaEthan Bear122500%0:00
Last Minutes Offensive
Left WingCenterRight WingDefenseDefense
Jaden SchwartzBo HorvatEvgenii DadonovJeff PetryIvan Provorov
Last Minutes Defensive
Left WingCenterRight WingDefenseDefense
Jaden SchwartzBo HorvatEvgenii DadonovJeff PetryIvan Provorov
Time
Total ForwardTotal DefenseLast Minutes OffensiveLast Minutes Defensive
60:00 60:00 0:000:29
Extra Forwards
Normal PowerPlayPenalty Kill
Scott Laughton, Ivan Miroshnichenko, Zack KassianScott Laughton, Ivan MiroshnichenkoZack Kassian
Extra Defensemen
Normal PowerPlayPenalty Kill
Tucker Poolman, Matt Benning, Marco ScandellaTucker Poolman, Matt BenningMarco Scandella
Penalty Shots
Bo Horvat, Jack Hughes, Jaden Schwartz, Evgenii Dadonov, Adam Lowry
Goalie
Darcy Kuemper, Chris Driedger
Custom OT Lines Forwards
Bo Horvat, Jack Hughes, Jaden Schwartz, Evgenii Dadonov, Adam Lowry, Scott Laughton, Ondrej Kase, Ivan Miroshnichenko, Zack Kassian, Eetu Luostarinen
Custom OT Lines Defensemen
Jeff Petry, Ivan Provorov, Marco Scandella, Ethan Bear, Tucker Poolman
Scratches
Kirill Tyutyayev (Healthy), Niko Mikkola (Healthy)


Play-by-Play

1st period


0:01 of 1st period - Bo Horvat wins face-off versus Brady Tkachuk in neutral zone.
0:49 of 1st period - Kevin Labanc is hit by Scott Laughton and loses puck.
1:33 of 1st period - Snap shot by Brady Tkachuk.
1:33 of 1st period - Shot Misses the Net.
1:51 of 1st period - Snap shot by Jakub Voracek.
1:51 of 1st period - Shot Blocked by Adam Lowry.
2:27 of 1st period - Snap shot by Jakub Voracek.
2:27 of 1st period - Stopped by Darcy Kuemper with a rebound.
3:37 of 1st period - Brad Marchand is hit by Scott Laughton and loses puck.
4:19 of 1st period - Snap shot by Bo Horvat.
4:19 of 1st period - Shot Misses the Net.
4:43 of 1st period - Wrist shot by Zack Kassian.
4:43 of 1st period - Deflect By Ryan Lindgren.
4:43 of 1st period - Stopped by Sergei Bobrovsky without a rebound.
4:44 of 1st period - Jack Hughes wins face-off versus Tim Stutzle in Senators zone.
4:55 of 1st period - Wrist shot by Jack Hughes.
4:55 of 1st period - Stopped by Sergei Bobrovsky with a rebound.
5:09 of 1st period - Matt Benning is hit by Lias Andersson and loses puck.
5:40 of 1st period - Backhand shot by Bo Horvat.
5:40 of 1st period - Shot Misses the Net.
6:30 of 1st period - Wrist shot by Nils Hoglander.
6:30 of 1st period - Stopped by Darcy Kuemper with a rebound.
7:15 of 1st period - Slapshot by Denton Mateychuk.
7:15 of 1st period - Shot Misses the Net.
7:27 of 1st period - Slapshot by Brady Tkachuk.
7:27 of 1st period - Stopped by Darcy Kuemper with a rebound.
7:33 of 1st period - Wrist shot by Brad Marchand.
7:33 of 1st period - Stopped by Darcy Kuemper with a rebound.
7:35 of 1st period - Snap shot by Ryan Lindgren.
7:35 of 1st period - Stopped by Darcy Kuemper without a rebound.
7:36 of 1st period - Bo Horvat wins face-off versus Kevin Labanc in Panthers zone.
7:36 of 1st period - Bo Horvat is hit by Kevin Labanc.
7:46 of 1st period - Jaden Schwartz is hit by Nils Hoglander and loses puck.
8:08 of 1st period - Matt Benning is hit by Craig Smith and loses puck.
8:51 of 1st period - Jeremy Lauzon is hit by Evgenii Dadonov and loses puck.
9:06 of 1st period - Ryan Lomberg is hit by Ondrej Kase and loses puck.
9:39 of 1st period - Snap shot by Jaden Schwartz.
9:39 of 1st period - Shot Misses the Net.
9:41 of 1st period - Minor Penalty to Ryan Lindgren for Tripping.
9:42 of 1st period - Bo Horvat wins face-off versus Lias Andersson in Senators zone.
10:07 of 1st period - Jonas Siegenthaler is hit by Adam Lowry and loses puck.
11:06 of 1st period - Lias Andersson is hit by Ondrej Kase and loses puck.
11:41 of 1st period - Penalty to Ryan Lindgren is over, Ryan Lindgren is back on ice.
13:18 of 1st period - Brad Marchand is hit by Evgenii Dadonov and loses puck.
13:31 of 1st period - Matt Benning is hit by Zach Whitecloud and loses puck.
14:01 of 1st period - Ivan Miroshnichenko is hit by Lias Andersson.
14:05 of 1st period - Wrist shot by Scott Laughton.
14:05 of 1st period - Shot Blocked by Zach Whitecloud.
14:21 of 1st period - Marco Scandella is hit by Jeremy Lauzon and loses puck.
14:44 of 1st period - Minor Penalty to Ondrej Kase for Hooking.
14:45 of 1st period - Bo Horvat wins face-off versus Tim Stutzle in Panthers zone.
15:03 of 1st period - Ivan Provorov is hit by Tim Stutzle and loses puck.
15:35 of 1st period - Ivan Provorov is hit by Tim Stutzle and loses puck.
16:44 of 1st period - Penalty to Ondrej Kase is over, Ondrej Kase is back on ice.
16:56 of 1st period - Wrist shot by Jaden Schwartz.
16:56 of 1st period - Deflect By Ivan Miroshnichenko.
16:56 of 1st period - Stopped by Sergei Bobrovsky without a rebound.
16:57 of 1st period - Sammy Blais wins face-off versus Scott Laughton in Senators zone.
17:11 of 1st period - Snap shot by Scott Laughton.
17:11 of 1st period - Stopped by Sergei Bobrovsky without a rebound.
17:12 of 1st period - Jack Hughes wins face-off versus Lias Andersson in Senators zone.
17:20 of 1st period - Snap shot by Ryan Lindgren.
17:20 of 1st period - Deflect By Nils Hoglander.
17:20 of 1st period - Shot Misses the Net.
17:20 of 1st period - Puck is out of play.
17:21 of 1st period - Lias Andersson wins face-off versus Jack Hughes in Panthers zone.
17:22 of 1st period - Wrist shot by Nils Hoglander.
17:22 of 1st period - Stopped by Darcy Kuemper without a rebound.
17:23 of 1st period - Bo Horvat wins face-off versus Lias Andersson in Panthers zone.
17:29 of 1st period - Backhand shot by Jeff Petry.
17:29 of 1st period - Deflect By Evgenii Dadonov.
17:29 of 1st period - Shot Misses the Net.
17:29 of 1st period - Puck is out of play.
17:30 of 1st period - Bo Horvat wins face-off versus Lias Andersson in Senators zone.
17:37 of 1st period - Snap shot by Jaden Schwartz.
17:37 of 1st period - Shot Misses the Net.
17:39 of 1st period - Snap shot by Jaden Schwartz.
17:39 of 1st period - Stopped by Sergei Bobrovsky with a rebound.
19:23 of 1st period - Snap shot by Ivan Miroshnichenko.
19:23 of 1st period - Shot Misses the Net.
19:25 of 1st period - Snap shot by Scott Laughton.
19:25 of 1st period - Stopped by Sergei Bobrovsky with a rebound.
19:27 of 1st period - Slapshot by Ivan Provorov.
19:27 of 1st period - Stopped by Sergei Bobrovsky without a rebound.
19:28 of 1st period - Scott Laughton wins face-off versus Lias Andersson in Senators zone.
Goals for this period are 0 for Senators vs 0 for Panthers.
Shots for this period are 6 for Senators vs 7 for Panthers.

2nd period


0:01 of 2nd period - Bo Horvat wins face-off versus Lias Andersson in neutral zone.
1:12 of 2nd period - Wrist shot by Jeremy Lauzon.
1:12 of 2nd period - Shot Misses the Net.
1:14 of 2nd period - Wrist shot by Sammy Blais.
1:14 of 2nd period - Goal by Sammy Blais - Senators : 1 - Panthers : 0.
1:15 of 2nd period - Bo Horvat wins face-off versus Lias Andersson in neutral zone.
1:18 of 2nd period - Snap shot by Jaden Schwartz.
1:18 of 2nd period - Stopped by Sergei Bobrovsky without a rebound.
1:19 of 2nd period - Bo Horvat wins face-off versus Lias Andersson in Senators zone.
1:22 of 2nd period - Wrist shot by Bo Horvat.
1:22 of 2nd period - Stopped by Sergei Bobrovsky without a rebound.
1:23 of 2nd period - Bo Horvat wins face-off versus Lias Andersson in Senators zone.
1:34 of 2nd period - Snap shot by Nils Hoglander.
1:34 of 2nd period - Stopped by Darcy Kuemper with a rebound.
1:36 of 2nd period - Wrist shot by Kevin Labanc.
1:36 of 2nd period - Stopped by Darcy Kuemper with a rebound.
1:38 of 2nd period - Snap shot by Kevin Labanc.
1:38 of 2nd period - Shot Blocked by Evgenii Dadonov.
1:50 of 2nd period - Wrist shot by Brady Tkachuk.
1:50 of 2nd period - Goal by Brady Tkachuk - Senators : 2 - Panthers : 0.
1:51 of 2nd period - Craig Smith wins face-off versus Jack Hughes in neutral zone.
2:06 of 2nd period - Snap shot by Jakub Voracek.
2:06 of 2nd period - Stopped by Darcy Kuemper without a rebound.
2:07 of 2nd period - Bo Horvat wins face-off versus Lias Andersson in Panthers zone.
2:39 of 2nd period - Slapshot by Ryan Lindgren.
2:39 of 2nd period - Stopped by Darcy Kuemper with a rebound.
3:06 of 2nd period - Wrist shot by Craig Smith.
3:06 of 2nd period - Shot Blocked by Tucker Poolman.
3:24 of 2nd period - Slapshot by Kevin Labanc.
3:24 of 2nd period - Stopped by Darcy Kuemper with a rebound.
3:26 of 2nd period - Slapshot by Jeremy Lauzon.
3:26 of 2nd period - Stopped by Darcy Kuemper with a rebound.
3:40 of 2nd period - Slapshot by Denton Mateychuk.
3:40 of 2nd period - Stopped by Darcy Kuemper without a rebound.
3:41 of 2nd period - Bo Horvat wins face-off versus Tim Stutzle in Panthers zone.
4:33 of 2nd period - Ivan Provorov is hit by Kevin Labanc and loses puck.
4:52 of 2nd period - Wrist shot by Sammy Blais.
4:52 of 2nd period - Stopped by Darcy Kuemper without a rebound.
4:53 of 2nd period - Craig Smith wins face-off versus Jack Hughes in Panthers zone.
4:54 of 2nd period - Snap shot by Jakub Voracek.
4:54 of 2nd period - Shot Blocked by Matt Benning.
4:58 of 2nd period - Wrist shot by Craig Smith.
4:58 of 2nd period - Shot Misses the Net.
5:00 of 2nd period - Slapshot by Ryan Lindgren.
5:00 of 2nd period - Stopped by Darcy Kuemper with a rebound.
5:33 of 2nd period - Adam Lowry is hit by Lias Andersson and loses puck.
5:52 of 2nd period - Snap shot by Bo Horvat.
5:52 of 2nd period - Stopped by Sergei Bobrovsky with a rebound.
5:54 of 2nd period - Wrist shot by Evgenii Dadonov.
5:54 of 2nd period - Stopped by Sergei Bobrovsky with a rebound.
5:56 of 2nd period - Snap shot by Jaden Schwartz.
5:56 of 2nd period - Shot Misses the Net.
6:25 of 2nd period - Cedric Paquette beats up Ryan Lomberg.
6:25 of 2nd period - Penalty to Cedric Paquette for Fighting.
6:25 of 2nd period - Penalty to Ryan Lomberg for Fighting.
6:26 of 2nd period - Tim Stutzle wins face-off versus Bo Horvat in neutral zone.
6:31 of 2nd period - Snap shot by Brad Marchand.
6:31 of 2nd period - Stopped by Darcy Kuemper with a rebound.
7:18 of 2nd period - Slapshot by Brad Marchand.
7:18 of 2nd period - Stopped by Darcy Kuemper without a rebound.
7:19 of 2nd period - Bo Horvat wins face-off versus Sammy Blais in Panthers zone.
7:19 of 2nd period - Evgenii Dadonov is hit by Sammy Blais and loses puck.
7:27 of 2nd period - Off-side.
7:28 of 2nd period - Craig Smith wins face-off versus Bo Horvat in neutral zone.
7:52 of 2nd period - Wrist shot by Evgenii Dadonov.
7:52 of 2nd period - Goal by Evgenii Dadonov - Senators : 2 - Panthers : 1.
7:53 of 2nd period - Ondrej Kase wins face-off versus Lias Andersson in neutral zone.
7:56 of 2nd period - Slapshot by Adam Lowry.
7:56 of 2nd period - Shot Misses the Net.
7:58 of 2nd period - Backhand shot by Jeff Petry.
7:58 of 2nd period - Shot Blocked by Kevin Labanc.
8:00 of 2nd period - Snap shot by Jack Hughes.
8:00 of 2nd period - Stopped by Sergei Bobrovsky with a rebound.
8:02 of 2nd period - Snap shot by Jeff Petry.
8:02 of 2nd period - Stopped by Sergei Bobrovsky with a rebound.
9:06 of 2nd period - Snap shot by Jakub Voracek.
9:06 of 2nd period - Shot Blocked by Ondrej Kase.
9:29 of 2nd period - Off-side.
9:30 of 2nd period - Tim Stutzle wins face-off versus Eetu Luostarinen in neutral zone.
9:37 of 2nd period - Ivan Provorov is hit by Brady Tkachuk and loses puck.
10:04 of 2nd period - Snap shot by Nils Hoglander.
10:04 of 2nd period - Stopped by Darcy Kuemper with a rebound.
10:06 of 2nd period - Snap shot by Kevin Labanc.
10:06 of 2nd period - Stopped by Darcy Kuemper without a rebound.
10:07 of 2nd period - Craig Smith wins face-off versus Adam Lowry in Panthers zone.
10:08 of 2nd period - Snap shot by Jakub Voracek.
10:08 of 2nd period - Shot Misses the Net.
10:10 of 2nd period - Slapshot by Brent Burns.
10:10 of 2nd period - Shot Misses the Net.
10:20 of 2nd period - Snap shot by Jakub Voracek.
10:20 of 2nd period - Stopped by Darcy Kuemper without a rebound.
10:21 of 2nd period - Bo Horvat wins face-off versus Tim Stutzle in Panthers zone.
10:46 of 2nd period - Zach Whitecloud is hit by Jeff Petry and loses puck.
11:13 of 2nd period - Snap shot by Ondrej Kase.
11:13 of 2nd period - Goal by Ondrej Kase - Senators : 2 - Panthers : 2.
11:14 of 2nd period - Bo Horvat wins face-off versus Brad Marchand in neutral zone.
12:06 of 2nd period - Jeff Petry is hit by Max Comtois.
12:28 of 2nd period - Wrist shot by Max Comtois.
12:28 of 2nd period - Shot Misses the Net.
12:44 of 2nd period - Ryan Lomberg is hit by Bo Horvat and loses puck.
12:51 of 2nd period - Slapshot by Brent Burns.
12:51 of 2nd period - Stopped by Darcy Kuemper with a rebound.
12:53 of 2nd period - Slapshot by Brent Burns.
12:53 of 2nd period - Deflect By Sammy Blais.
12:53 of 2nd period - Stopped by Darcy Kuemper without a rebound.
12:54 of 2nd period - Jack Hughes wins face-off versus Lias Andersson in Panthers zone.
13:19 of 2nd period - Scott Laughton is hit by Max Comtois and loses puck.
13:42 of 2nd period - Snap shot by Brady Tkachuk.
13:42 of 2nd period - Stopped by Darcy Kuemper with a rebound.
14:07 of 2nd period - Wrist shot by Jack Hughes.
14:07 of 2nd period - Deflect By Ondrej Kase.
14:07 of 2nd period - Stopped by Sergei Bobrovsky without a rebound.
14:08 of 2nd period - Sammy Blais wins face-off versus Adam Lowry in Senators zone.
14:25 of 2nd period - Slapshot by Ondrej Kase.
14:25 of 2nd period - Shot Misses the Net.
14:33 of 2nd period - Wrist shot by Ondrej Kase.
14:33 of 2nd period - Shot Blocked by Sammy Blais.
14:35 of 2nd period - Slapshot by Marco Scandella.
14:35 of 2nd period - Stopped by Sergei Bobrovsky with a rebound.
14:37 of 2nd period - Slapshot by Ethan Bear.
14:37 of 2nd period - Deflect By Ryan Lindgren.
14:37 of 2nd period - Stopped by Sergei Bobrovsky with a rebound.
14:39 of 2nd period - Snap shot by Marco Scandella.
14:39 of 2nd period - Shot Misses the Net.
14:41 of 2nd period - Wrist shot by Marco Scandella.
14:41 of 2nd period - Deflect By Ryan Reaves.
14:41 of 2nd period - Stopped by Sergei Bobrovsky with a rebound.
14:43 of 2nd period - Slapshot by Marco Scandella.
14:43 of 2nd period - Stopped by Sergei Bobrovsky with a rebound.
14:45 of 2nd period - Slapshot by Ondrej Kase.
14:45 of 2nd period - Deflect By Jack Hughes.
14:45 of 2nd period - Stopped by Sergei Bobrovsky without a rebound.
14:46 of 2nd period - Scott Laughton wins face-off versus Jakub Voracek in Senators zone.
14:49 of 2nd period - Wrist shot by Ivan Miroshnichenko.
14:49 of 2nd period - Shot Misses the Net.
14:51 of 2nd period - Slapshot by Matt Benning.
14:51 of 2nd period - Stopped by Sergei Bobrovsky with a rebound.
14:53 of 2nd period - Wrist shot by Zack Kassian.
14:53 of 2nd period - Stopped by Sergei Bobrovsky with a rebound.
14:55 of 2nd period - Wrist shot by Zack Kassian.
14:55 of 2nd period - Shot Blocked by Craig Smith.
14:57 of 2nd period - Wrist shot by Zack Kassian.
14:57 of 2nd period - Shot Blocked by Max Comtois.
14:59 of 2nd period - Wrist shot by Ivan Miroshnichenko.
14:59 of 2nd period - Deflect By Scott Laughton.
14:59 of 2nd period - Stopped by Sergei Bobrovsky with a rebound.
15:13 of 2nd period - Bo Horvat is hit by Kevin Labanc and loses puck.
15:55 of 2nd period - Off-side.
15:56 of 2nd period - Sammy Blais wins face-off versus Jack Hughes in neutral zone.
16:11 of 2nd period - Snap shot by Ondrej Kase.
16:11 of 2nd period - Stopped by Sergei Bobrovsky without a rebound.
16:12 of 2nd period - Scott Laughton wins face-off versus Craig Smith in Senators zone.
16:46 of 2nd period - Off-side.
16:47 of 2nd period - Scott Laughton wins face-off versus Tim Stutzle in neutral zone.
17:16 of 2nd period - Wrist shot by Craig Smith.
17:16 of 2nd period - Shot Misses the Net.
17:18 of 2nd period - Slapshot by Jeremy Lauzon.
17:18 of 2nd period - Stopped by Darcy Kuemper without a rebound.
17:19 of 2nd period - Bo Horvat wins face-off versus Craig Smith in Panthers zone.
17:28 of 2nd period - Jakub Voracek is hit by Ivan Provorov and loses puck.
18:09 of 2nd period - Snap shot by Craig Smith.
18:09 of 2nd period - Stopped by Darcy Kuemper with a rebound.
18:23 of 2nd period - Snap shot by Craig Smith.
18:23 of 2nd period - Shot Misses the Net.
18:29 of 2nd period - Tucker Poolman is hit by Craig Smith and loses puck.
19:11 of 2nd period - Wrist shot by Cedric Paquette.
19:11 of 2nd period - Shot Misses the Net.
19:13 of 2nd period - Snap shot by Cedric Paquette.
19:13 of 2nd period - Stopped by Sergei Bobrovsky with a rebound.
19:15 of 2nd period - Snap shot by Cedric Paquette.
19:15 of 2nd period - Stopped by Sergei Bobrovsky without a rebound.
19:16 of 2nd period - Jack Hughes wins face-off versus Lias Andersson in Senators zone.
19:16 of 2nd period - Adam Lowry is hit by Jonas Siegenthaler and loses puck.
Goals for this period are 2 for Senators vs 2 for Panthers.
Shots for this period are 21 for Senators vs 20 for Panthers.

3rd period


0:01 of 3rd period - Scott Laughton wins face-off versus Lias Andersson in neutral zone.
0:03 of 3rd period - Off-side.
0:04 of 3rd period - Scott Laughton wins face-off versus Lias Andersson in neutral zone.
0:25 of 3rd period - Ethan Bear is hit by Kevin Labanc and loses puck.
0:34 of 3rd period - Wrist shot by Kevin Labanc.
0:34 of 3rd period - Shot Misses the Net.
0:38 of 3rd period - Snap shot by Lias Andersson.
0:38 of 3rd period - Stopped by Darcy Kuemper without a rebound.
0:39 of 3rd period - Bo Horvat wins face-off versus Tim Stutzle in Panthers zone.
0:43 of 3rd period - Ivan Provorov is hit by Brad Marchand and loses puck.
0:54 of 3rd period - Ivan Provorov is hit by Brady Tkachuk and loses puck.
2:07 of 3rd period - Icing by Jonas Siegenthaler.
2:08 of 3rd period - Bo Horvat wins face-off versus Lias Andersson in Senators zone.
2:11 of 3rd period - Slapshot by Bo Horvat.
2:11 of 3rd period - Stopped by Sergei Bobrovsky without a rebound.
2:12 of 3rd period - Tim Stutzle wins face-off versus Bo Horvat in Senators zone.
2:30 of 3rd period - Icing by Marco Scandella.
2:31 of 3rd period - Bo Horvat wins face-off versus Lias Andersson in Panthers zone.
2:31 of 3rd period - Bo Horvat is hit by Ryan Lindgren.
2:37 of 3rd period - Bo Horvat is hit by Kevin Labanc and loses puck.
2:48 of 3rd period - Wrist shot by Marco Scandella.
2:48 of 3rd period - Shot Misses the Net.
2:50 of 3rd period - Wrist shot by Jaden Schwartz.
2:50 of 3rd period - Stopped by Sergei Bobrovsky with a rebound.
3:14 of 3rd period - Marco Scandella is hit by Lias Andersson and loses puck.
3:49 of 3rd period - Snap shot by Ethan Bear.
3:49 of 3rd period - Stopped by Sergei Bobrovsky with a rebound.
3:51 of 3rd period - Slapshot by Jaden Schwartz.
3:51 of 3rd period - Deflect By Bo Horvat.
3:51 of 3rd period - Stopped by Sergei Bobrovsky with a rebound.
3:53 of 3rd period - Wrist shot by Evgenii Dadonov.
3:53 of 3rd period - Shot Blocked by Nils Hoglander.
4:03 of 3rd period - Snap shot by Kevin Labanc.
4:03 of 3rd period - Stopped by Darcy Kuemper with a rebound.
4:25 of 3rd period - Bo Horvat is hit by Lias Andersson and loses puck.
5:51 of 3rd period - Kevin Labanc is hit by Bo Horvat and loses puck.
6:08 of 3rd period - Snap shot by Nils Hoglander.
6:08 of 3rd period - Deflect By Kevin Labanc.
6:08 of 3rd period - Stopped by Darcy Kuemper without a rebound.
6:09 of 3rd period - Tim Stutzle wins face-off versus Scott Laughton in Panthers zone.
6:09 of 3rd period - Brad Marchand is hit by Zack Kassian and loses puck.
6:20 of 3rd period - Snap shot by Brad Marchand.
6:20 of 3rd period - Stopped by Darcy Kuemper without a rebound.
6:21 of 3rd period - Jack Hughes wins face-off versus Tim Stutzle in Panthers zone.
6:36 of 3rd period - Slapshot by Brad Marchand.
6:36 of 3rd period - Stopped by Darcy Kuemper with a rebound.
7:59 of 3rd period - Scott Laughton is hit by Craig Smith and loses puck.
8:29 of 3rd period - Icing by Denton Mateychuk.
8:30 of 3rd period - Jack Hughes wins face-off versus Sammy Blais in Senators zone.
8:33 of 3rd period - Slapshot by Jack Hughes.
8:33 of 3rd period - Stopped by Sergei Bobrovsky with a rebound.
9:05 of 3rd period - Slapshot by Denton Mateychuk.
9:05 of 3rd period - Shot Misses the Net.
9:07 of 3rd period - Snap shot by Ryan Lomberg.
9:07 of 3rd period - Shot Misses the Net.
9:17 of 3rd period - Snap shot by Ryan Lomberg.
9:17 of 3rd period - Stopped by Darcy Kuemper without a rebound.
9:18 of 3rd period - Tim Stutzle wins face-off versus Scott Laughton in Panthers zone.
9:48 of 3rd period - Ondrej Kase is hit by Max Comtois and loses puck.
10:15 of 3rd period - Jeremy Lauzon is hit by Zack Kassian and loses puck.
10:26 of 3rd period - Slapshot by Jack Hughes.
10:26 of 3rd period - Stopped by Sergei Bobrovsky with a rebound.
10:28 of 3rd period - Slapshot by Marco Scandella.
10:28 of 3rd period - Stopped by Sergei Bobrovsky without a rebound.
10:29 of 3rd period - Tim Stutzle wins face-off versus Jack Hughes in Senators zone.
10:54 of 3rd period - Adam Lowry is hit by Ryan Reaves and loses puck.
11:23 of 3rd period - Jay Beagle is hit by Ryan Lindgren and loses puck.
11:30 of 3rd period - Snap shot by Jeff Petry.
11:30 of 3rd period - Stopped by Sergei Bobrovsky without a rebound.
11:31 of 3rd period - Scott Laughton wins face-off versus Sammy Blais in Senators zone.
11:32 of 3rd period - Snap shot by Ivan Miroshnichenko.
11:32 of 3rd period - Stopped by Sergei Bobrovsky with a rebound.
11:36 of 3rd period - Snap shot by Ivan Miroshnichenko.
11:36 of 3rd period - Stopped by Sergei Bobrovsky without a rebound.
11:37 of 3rd period - Sammy Blais wins face-off versus Scott Laughton in Senators zone.
11:37 of 3rd period - Sammy Blais is hit by Zack Kassian.
11:45 of 3rd period - Slapshot by Denton Mateychuk.
11:45 of 3rd period - Shot Misses the Net.
11:47 of 3rd period - Snap shot by Sammy Blais.
11:47 of 3rd period - Shot Blocked by Jeff Petry.
11:49 of 3rd period - Snap shot by Ryan Lomberg.
11:49 of 3rd period - Stopped by Darcy Kuemper without a rebound.
11:50 of 3rd period - Tim Stutzle wins face-off versus Ivan Miroshnichenko in Panthers zone.
12:05 of 3rd period - Wrist shot by Brady Tkachuk.
12:05 of 3rd period - Stopped by Darcy Kuemper without a rebound.
12:06 of 3rd period - Jack Hughes wins face-off versus Craig Smith in Panthers zone.
12:06 of 3rd period - Jack Hughes is hit by Jakub Voracek.
12:09 of 3rd period - Minor Penalty to Ondrej Kase for Interference.
12:10 of 3rd period - Craig Smith wins face-off versus Bo Horvat in Panthers zone.
12:48 of 3rd period - Snap shot by Evgenii Dadonov.
12:48 of 3rd period - Stopped by Sergei Bobrovsky with a rebound.
12:50 of 3rd period - Snap shot by Marco Scandella.
12:50 of 3rd period - Stopped by Sergei Bobrovsky with a rebound.
12:52 of 3rd period - Snap shot by Evgenii Dadonov.
12:52 of 3rd period - Goal by Evgenii Dadonov - Senators : 2 - Panthers : 3.
12:53 of 3rd period - Bo Horvat wins face-off versus Craig Smith in neutral zone.
13:00 of 3rd period - Snap shot by Jack Hughes.
13:00 of 3rd period - Stopped by Sergei Bobrovsky without a rebound.
13:01 of 3rd period - Bo Horvat wins face-off versus Craig Smith in Senators zone.
13:58 of 3rd period - Brad Marchand is hit by Jaden Schwartz.
14:09 of 3rd period - Penalty to Ondrej Kase is over, Ondrej Kase is back on ice.
14:49 of 3rd period - Slapshot by Jack Hughes.
14:49 of 3rd period - Shot Misses the Net.
14:51 of 3rd period - Slapshot by Jack Hughes.
14:51 of 3rd period - Shot Misses the Net.
14:53 of 3rd period - Wrist shot by Jack Hughes.
14:53 of 3rd period - Shot Blocked by Jonas Siegenthaler.
14:55 of 3rd period - Slapshot by Jeff Petry.
14:55 of 3rd period - Shot Misses the Net.
14:57 of 3rd period - Backhand shot by Ivan Provorov.
14:57 of 3rd period - Shot Misses the Net.
15:03 of 3rd period - Snap shot by Jack Hughes.
15:03 of 3rd period - Shot Misses the Net.
15:05 of 3rd period - Snap shot by Jack Hughes.
15:05 of 3rd period - Stopped by Sergei Bobrovsky with a rebound.
15:07 of 3rd period - Snap shot by Jack Hughes.
15:07 of 3rd period - Stopped by Sergei Bobrovsky with a rebound.
15:15 of 3rd period - Slapshot by Bo Horvat.
15:15 of 3rd period - Shot Misses the Net.
15:17 of 3rd period - Snap shot by Bo Horvat.
15:17 of 3rd period - Shot Misses the Net.
15:19 of 3rd period - Snap shot by Jeff Petry.
15:19 of 3rd period - Shot Misses the Net.
15:21 of 3rd period - Slapshot by Jeff Petry.
15:21 of 3rd period - Stopped by Sergei Bobrovsky with a rebound.
15:23 of 3rd period - Snap shot by Ondrej Kase.
15:23 of 3rd period - Shot Blocked by Jonas Siegenthaler.
15:25 of 3rd period - Slapshot by Ivan Provorov.
15:25 of 3rd period - Stopped by Sergei Bobrovsky with a rebound.
15:27 of 3rd period - Slapshot by Jeff Petry.
15:27 of 3rd period - Shot Blocked by Kevin Labanc.
15:29 of 3rd period - Snap shot by Jack Hughes.
15:29 of 3rd period - Deflect By Lias Andersson.
15:29 of 3rd period - Shot Misses the Net.
15:29 of 3rd period - Puck is out of play.
15:30 of 3rd period - Scott Laughton wins face-off versus Tim Stutzle in Senators zone.
15:30 of 3rd period - Scott Laughton is hit by Brent Burns.
15:43 of 3rd period - Minor Penalty to Brad Marchand for Boarding.
15:44 of 3rd period - Scott Laughton wins face-off versus Brady Tkachuk in Senators zone.
15:50 of 3rd period - Slapshot by Jaden Schwartz.
15:50 of 3rd period - Shot Misses the Net.
15:52 of 3rd period - Snap shot by Jaden Schwartz.
15:52 of 3rd period - Stopped by Sergei Bobrovsky with a rebound.
15:54 of 3rd period - Slapshot by Marco Scandella.
15:54 of 3rd period - Shot Misses the Net.
17:08 of 3rd period - Craig Smith is hit by Jeff Petry and loses puck.
17:23 of 3rd period - Sammy Blais is hit by Bo Horvat.
17:43 of 3rd period - Penalty to Brad Marchand is over, Brad Marchand is back on ice.
18:03 of 3rd period - Tucker Poolman is hit by Brady Tkachuk and loses puck.
18:52 of 3rd period - Brent Burns is hit by Bo Horvat and loses puck.
19:07 of 3rd period - Wrist shot by Bo Horvat.
19:07 of 3rd period - Stopped by Sergei Bobrovsky with a rebound.
19:09 of 3rd period - Snap shot by Bo Horvat.
19:09 of 3rd period - Deflect By Evgenii Dadonov.
19:09 of 3rd period - Deflect By Brad Marchand.
19:09 of 3rd period - Shot Misses the Net.
19:09 of 3rd period - Puck is out of play.
19:10 of 3rd period - call a timeout for Senators.
19:10 of 3rd period - Bo Horvat wins face-off versus Tim Stutzle in Senators zone.
19:14 of 3rd period - Minor Penalty to Ryan Lindgren for Hooking.
19:15 of 3rd period - Bo Horvat wins face-off versus Lias Andersson in Senators zone.
19:41 of 3rd period - Nils Hoglander is hit by Ondrej Kase and loses puck.
Goals for this period are 0 for Senators vs 1 for Panthers.
Shots for this period are 8 for Senators vs 20 for Panthers.